Map: Triton LE

Players

LiquidTaeJa (TaeJa)

  • Race: Terran Terran
  • League: Grandmaster
  • Spawn Location: 11:00

JinairRogue (Rogue) - Winner!

  • Race: Zerg Zerg
  • Spawn Location: 5:00

VOD

Have the link to the VOD?

Description

Time

  • Played on: Jan. 9, 2020, 4:18 a.m.
  • Length: 15:13
Show
View Real Time Build Order
Export as new Build Order

LiquidTaeJa Terran 

Build Orders: Liberator Opening, Reaper Expand 

Get SALT Encoding   

  12  0:00  SCV  
  13  0:12  SCV  
  14  0:17  Supply Depot  
  14  0:24  SCV  
  15  0:38  SCV  
  15  0:40  Barracks  
  15  0:42  Refinery  
  16  0:51  SCV  
  17  1:03  SCV  
  18  1:15  SCV  
  19  1:28  Reaper, Orbital Command  
  20  1:38  Command Center  
  20  1:49  Supply Depot  
  20  1:54  SCV  
  21  2:00  Marine  
  22  2:06  SCV  
  23  2:08  Factory  
  23  2:18  SCV  
  23  2:19  Barracks Reactor  
  24  2:30  SCV  
  25  2:40  Command Center  
  25  2:42  SCV  
  26  2:50  Orbital Command  
  26  2:55  SCV, Refinery  
  27  3:04  Starport  
  27  3:08  SCV, Marine  
  29  3:16  SCV  
  30  3:20  SCV  
  30  3:22  Hellion  
  30  3:23  Hellion, Liberator  
  35  3:27  Barracks Tech Lab  
  35  3:28  SCV  
  35  3:32  SCV  
  40  3:41  SCV  
  40  3:44  SCV  
  40  3:46  Hellion x2  
  46  3:52  Orbital Command  
  46  3:54  SCV  
  47  3:56  SCV  
  47  3:59  Marine  
  47  4:00  Stimpack  
  49  4:04  Supply Depot  
  49  4:06  SCV  
  49  4:08  SCV  
  51  4:12  Hellion x2  
  55  4:18  SCV  
  55  4:19  SCV  
  55  4:20  SCV  
  58  4:24  Marine  
  58  4:25  Starport Reactor  
  58  4:30  SCV  
  60  4:32  SCV x2  
  60  4:35  Barracks  
  60  4:37  Barracks  
  62  4:39  Factory Reactor  
  62  4:42  SCV, Refinery  
  62  4:43  Refinery  
  62  4:44  SCV x2  
  65  4:46  Marine  
  66  4:53  Engineering Bay  
  66  4:54  SCV  
  66  4:56  Engineering Bay  
  66  4:57  SCV x2, Supply Depot  
  69  5:11  Orbital Command  
  69  5:15  SCV x2, Marine  
  69  5:19  Terran Infantry Weapons Level 1  
  69  5:23  Terran Infantry Armor Level 1  
  69  5:24  Factory Tech Lab  
  69  5:26  Marine x2  
  69  5:27  SCV x2  
  73  5:28  Medivac  
  73  5:29  Medivac  
  73  5:35  Marine x2  
  79  5:36  SCV  
  79  5:39  Marine, SCV x2, Supply Depot x2, Combat Shield  
  79  5:41  Supply Depot  
  83  5:47  Marine x2  
  85  6:00  Marine x3, SCV x2, Siege Tank  
  85  6:01  SCV  
  85  6:03  Supply Depot, Barracks  
  94  6:04  Supply Depot, Barracks  
  94  6:06  Marine  
  94  6:07  Marine  
  96  6:12  SCV x2, Medivac x2  
  102  6:20  SCV  
  102  6:21  Marine x3  
  102  6:24  SCV x2, Armory  
  108  6:28  Supply Depot, Refinery  
  108  6:39  Marine  
  108  6:40  Marine x4  
  108  6:41  Siege Tank  
  108  6:46  SCV  
  117  6:47  SCV  
  117  6:49  Command Center  
  117  6:51  Supply Depot, Factory  
  117  6:54  Supply Depot  
  118  6:57  Marine, Barracks Reactor  
  118  6:58  Barracks Reactor  
  118  7:02  Marine x2  
  118  7:03  Marine  
  118  7:04  Marine  
  122  7:13  Terran Infantry Weapons Level 2  
  122  7:14  Siege Tank  
  122  7:15  Marine  
  124  7:20  Marine, SCV  
  124  7:21  SCV x2  
  129  7:23  Marine x3, Refinery  
  129  7:29  Supply Depot  
  132  7:30  Supply Depot  
  132  7:33  Marine x3  
  132  7:34  Marine x2, Drilling Claws  
  132  7:36  Terran Infantry Armor Level 2  
  137  7:37  Factory Reactor  
  137  7:38  Marine  
  137  7:40  SCV  
  137  7:41  SCV x2, Marine x3  
  144  7:46  Supply Depot  
  144  7:48  Supply Depot x2  
  144  7:51  Medivac, Widow Mine  
  146  7:53  Medivac  
  146  7:57  Marine x5  
  155  8:12  Widow Mine  
  157  8:14  Widow Mine  
  157  8:15  Widow Mine  
  157  8:18  Marine x3  
  164  8:22  Barracks  
  164  8:23  Barracks x2  
  164  8:24  SCV x2  
  164  8:25  SCV  
  167  8:28  Planetary Fortress  
  167  8:33  Marine  
  167  8:34  Marine x2  
  169  8:35  Sensor Tower  
  169  8:40  Marine  
  169  8:44  Marine x2  
  169  8:48  Marine x2  
  171  8:49  Marauder  
  171  8:50  Widow Mine x2  
  171  8:51  Marine, Widow Mine  
  171  8:53  Medivac x2  
  171  8:54  Terran Vehicle And Ship Armor Level 1  
  186  8:57  Hellion x5  
  186  8:59  Marine x3  
  174  9:11  Barracks Tech Lab x3  
  174  9:12  Widow Mine  
  174  9:13  Widow Mine  
  174  9:14  Marine x2  
  174  9:15  Marine x2, Marauder  
  174  9:16  Marine  
  185  9:20  Widow Mine  
  185  9:23  Medivac x2  
  191  9:26  Marine x3  
  191  9:27  Command Center  
  194  9:32  Marine x2  
  194  9:33  Marine x2  
  194  9:34  Widow Mine  
  200  9:43  Marine x3  
  200  9:44  Widow Mine  
  200  9:45  Widow Mine  
  197  9:49  Barracks x2  
  197  9:53  Medivac  
  197  9:56  Marine  
  190  10:09  Marine  
  190  10:10  Marine x4, Marauder  
  190  10:12  Marauder x3  
  185  10:17  Widow Mine x2  
  180  10:25  Marine x3  
  180  10:27  Marine  
  180  10:28  Marine, Widow Mine  
  168  10:31  Marauder  
  168  10:32  Marine x3  
  168  10:33  Marauder x2  
  176  10:38  Widow Mine x2  
  168  10:46  Marine x2, Marauder  
  168  10:47  Marine x2  
  168  10:48  Marine  
  168  10:49  Marine, Widow Mine, Barracks Tech Lab x2  
  173  10:50  Marine x2  
  173  10:53  Marauder  
  173  10:54  Marine  
  153  10:59  Marine, Widow Mine x2  
  153  11:04  Marine x2  
  129  11:05  Marine  
  129  11:08  Marauder  
  129  11:09  Marine x2, Marauder  
  129  11:10  Marine x2, Marauder  
  129  11:11  Marine, Widow Mine  
  123  11:12  Marauder, Command Center  
  123  11:14  Marine  
  123  11:17  SCV  
  123  11:18  SCV x3  
  127  11:21  Widow Mine x2  
  125  11:27  Marine x2  
  125  11:28  Marine x3, Marauder  
  125  11:29  SCV  
  125  11:30  SCV x3  
  125  11:32  Widow Mine  
  134  11:37  Marauder x2  
  138  11:42  SCV x2, Widow Mine x2  
  143  11:47  SCV x2  
  143  11:51  Marine x3  
  143  11:52  Marine x4, Marauder  
  143  11:53  Widow Mine  
  143  11:54  SCV x2  
  156  11:59  Marine x2, Marauder  
  161  12:03  Widow Mine  
  161  12:04  Widow Mine, Engineering Bay x2  
  161  12:07  SCV x2, Marine  
  161  12:08  Marauder  
  170  12:12  Marine x3, Marauder  
  175  12:26  Marine, Marauder  
  138  12:31  Marine x3, Marauder x3  
  138  12:32  Marine x3  
  138  12:33  Widow Mine x2  
  138  12:34  Widow Mine  
  150  12:37  Medivac x2  
  150  12:41  Marine x2, Marauder  
  150  12:43  Marine  
  159  12:47  Marauder  
  159  12:49  Marine x3  
  159  12:50  Marine x2  
  157  12:52  Marine x2  
  157  12:53  SCV x4, Marauder  
  163  12:59  Marine x2, Marauder  
  163  13:02  Marine x2  
  169  13:06  Engineering Bay  
  169  13:07  Marine, Engineering Bay  
  169  13:13  Widow Mine x2  
  169  13:14  Marine  
  169  13:15  Marauder  
  169  13:16  Widow Mine  
  178  13:22  Concussive Shells  
  178  13:23  Marine x2, Marauder  
  178  13:24  Marine x2  
  178  13:28  Marine x2  
  178  13:29  SCV x4  
  184  13:38  Marine, Marauder  
  187  13:50  Marine x2, Marauder x2  
  173  14:19  Marine  
  173  14:20  Marine x2  
  173  14:21  Marine, Marauder  
  173  14:23  Marauder  
  163  14:24  Marine  
  163  14:25  Marine x2, Marauder  
  163  14:26  Marine  
  152  14:31  Marine  
  152  14:36  Marine  
  152  14:37  Marine  
  146  14:38  Marine  
  146  14:39  Marine  
  146  14:42  Marine  
Show
View Real Time Build Order
Export as new Build Order

JinairRogue Zerg - Winner!

Build Orders: Hatch First 

Get SALT Encoding   

  12  0:00  Drone  
  13  0:12  Overlord  
  13  0:16  Drone  
  14  0:30  Drone x2  
  16  0:47  Hatchery  
  15  0:50  Drone  
  15  0:53  Drone  
  15  0:57  Drone  
  18  1:07  Extractor  
  17  1:12  Spawning Pool  
  17  1:15  Drone  
  18  1:18  Drone  
  18  1:28  Drone  
  19  1:39  Drone  
  20  1:49  Overlord  
  20  1:58  Queen  
  20  1:59  Zergling x4, Queen  
  26  2:10  Drone  
  26  2:11  Drone, Metabolic Boost  
  28  2:21  Drone x2  
  30  2:33  Drone x2  
  30  2:36  Queen  
  33  2:42  Overlord  
  33  2:44  Drone  
  34  2:51  Pneumatized Carapace  
  34  2:53  Drone  
  35  3:05  Drone x2  
  35  3:06  Drone  
  35  3:07  Hatchery  
  35  3:09  Drone  
  35  3:11  Drone  
  39  3:15  Drone x2  
  39  3:18  Overlord  
  41  3:21  Drone  
  41  3:23  Drone  
  43  3:27  Overlord  
  43  3:42  Drone x6  
  43  3:43  Queen  
  43  3:47  Queen  
  53  3:49  Overlord  
  53  3:52  Zergling x4  
  53  3:53  Zergling x2  
  56  4:01  Drone x2  
  58  4:03  Evolution Chamber x2  
  58  4:08  Drone x2  
  58  4:12  Zergling x4  
  58  4:14  Drone, Overlord  
  61  4:18  Drone x2  
  61  4:19  Extractor  
  61  4:20  Drone  
  61  4:23  Queen  
  65  4:28  Drone x2  
  67  4:34  Spore Crawler  
  67  4:36  Drone  
  67  4:37  Drone x2  
  69  4:38  Queen  
  71  4:46  Zerg Ground Armor Level 1  
  71  4:47  Zergling x4  
  71  4:48  Overlord  
  71  4:51  Drone  
  74  4:53  Drone  
  74  4:54  Spore Crawler, Drone  
  74  4:59  Drone x3  
  78  5:05  Zerg Melee Weapons Level 1  
  78  5:08  Overlord  
  78  5:09  Drone  
  78  5:10  Drone  
  77  5:14  Drone x6  
  77  5:17  Lair  
  77  5:19  Drone  
  84  5:24  Drone  
  84  5:25  Extractor  
  84  5:27  Extractor  
  83  5:28  Extractor  
  83  5:35  Drone x5  
  87  5:36  Baneling Nest  
  87  5:39  Hatchery  
  85  5:45  Zergling x6  
  88  5:53  Zergling x6  
  91  5:57  Drone x2  
  91  5:58  Zergling x8  
  91  6:00  Hatchery  
  91  6:01  Zergling x2  
  91  6:02  Overlord  
  97  6:07  Overlord  
  97  6:15  Hatchery  
  97  6:16  Drone  
  96  6:20  Zergling x4  
  96  6:23  Baneling x8, Centrifical Hooks  
  96  6:25  Drone x3  
  101  6:30  Zergling x2  
  101  6:31  Zergling x10  
  107  6:35  Zergling x2  
  107  6:41  Zergling x4  
  107  6:46  Zergling x6  
  112  6:50  Queen  
  112  6:51  Overlord  
  112  6:53  Zergling x2  
  112  6:54  Zergling x4  
  117  6:57  Drone x3  
  120  7:07  Overlord  
  118  7:10  Drone x2  
  118  7:11  Drone  
  118  7:13  Burrow  
  118  7:14  Zerg Melee Weapons Level 2, Zerg Ground Armor Level 2  
  118  7:15  Drone x3  
  123  7:16  Drone, Queen  
  123  7:19  Drone  
  128  7:23  Drone x2  
  128  7:25  Infestation Pit  
  128  7:26  Spore Crawler, Drone  
  128  7:27  Spore Crawler, Drone x6  
  128  7:29  Baneling  
  134  7:30  Baneling x7  
  134  7:33  Zergling x10  
  134  7:35  Zergling x4  
  134  7:36  Zergling x2  
  142  7:39  Zergling x6  
  144  7:46  Hatchery, Overlord  
  144  7:48  Overlord  
  143  7:54  Baneling  
  143  7:55  Baneling x3  
  143  7:57  Zergling x2  
  144  8:01  Baneling x5  
  144  8:02  Zergling x8  
  144  8:04  Overlord  
  147  8:07  Overlord  
  147  8:08  Overlord  
  147  8:09  Overlord  
  147  8:11  Hive  
  147  8:15  Overlord  
  147  8:24  Zergling x6  
  147  8:25  Zergling x30  
  147  8:26  Drone  
  165  8:28  Drone  
  165  8:32  Drone x3  
  169  8:39  Zergling x22  
  169  8:40  Zergling x2  
  169  8:41  Zergling x2, Hatchery  
  176  8:43  Zergling x4  
  176  8:44  Zergling x6  
  179  8:48  Baneling  
  179  8:49  Baneling x12  
  180  8:55  Zergling x2  
  180  8:56  Zergling x16  
  180  8:58  Overlord  
  188  9:03  Zergling x4  
  184  9:10  Drone x4  
  184  9:12  Zergling x2  
  189  9:17  Zergling x16  
  189  9:19  Spine Crawler  
  189  9:20  Spore Crawler, Spine Crawler  
  189  9:21  Spore Crawler, Spine Crawler  
  189  9:23  Adrenal Glands  
  192  9:24  Spire  
  192  9:25  Extractor  
  192  9:28  Ultralisk Cavern  
  189  9:34  Drone  
  189  9:40  Zergling x20  
  189  9:42  Zergling x2  
  200  9:51  Zergling x2  
  197  9:53  Zergling x2  
  197  9:55  Overseer  
  183  10:01  Zergling x36  
  183  10:02  Zergling x6  
  183  10:04  Zergling x2  
  195  10:08  Overseer  
  195  10:12  Zergling x12  
  195  10:13  Zergling x12  
  194  10:16  Baneling x9  
  194  10:17  Baneling x10  
  194  10:18  Zergling x2  
  194  10:20  Unknown  
  179  10:21  Zergling x2  
  173  10:29  Zergling x2  
  173  10:30  Drone x2  
  173  10:31  Drone x2  
  173  10:33  Zergling x12  
  178  10:38  Zergling x14  
  178  10:41  Hatchery  
  178  10:42  Zergling x6  
  173  10:56  Zergling x22  
  157  10:59  Zergling x2  
  157  11:03  Ultralisk  
  157  11:04  Ultralisk, Drone x4  
  157  11:08  Drone x2  
  157  11:10  Drone x2  
  148  11:22  Zergling x14  
  148  11:24  Zergling x22  
  148  11:25  Zergling x2  
  153  11:33  Baneling  
  153  11:34  Baneling x14  
  152  11:40  Zergling x18  
  152  11:41  Zergling x2  
  162  11:50  Baneling x8  
  162  11:51  Drone x2  
  162  11:54  Hatchery, Baneling x8  
  163  11:55  Baneling  
  163  12:00  Drone x4  
  163  12:01  Drone  
  168  12:04  Zerg Ground Armor Level 3  
  168  12:08  Zerg Melee Weapons Level 3  
  168  12:19  Zergling x24  
  175  12:23  Zergling x2  
  169  12:30  Viper x2, Ultralisk x2  
  169  12:36  Ultralisk  
  179  12:38  Zergling x10  
  183  12:50  Zergling x32  
  195  12:56  Drone  
  195  12:57  Drone x3  
  197  13:00  Zergling x2  
  197  13:01  Baneling x3  
  197  13:02  Baneling x16  
  198  13:10  Zergling x2  
  198  13:13  Zerg Flyer Weapons Level 1  
  198  13:14  Zergling x2  
  198  13:15  Baneling x8  
  199  13:25  Baneling  
  191  13:30  Zergling x2  
  191  13:32  Zergling x14  
  192  13:35  Zergling x2  
  192  13:36  Zergling x14  
  197  13:42  Zergling x2  
  197  13:43  Zergling x2  
  197  13:44  Zergling x2  
  197  13:46  Chitinous Plating  
  188  13:52  Zergling x18  
  188  13:54  Ultralisk  
  195  13:56  Baneling x7  
  195  13:57  Zergling x6  
  195  13:58  Zergling x14  
  199  14:05  Zergling x2, Extractor  
  199  14:08  Overseer  
  193  14:10  Baneling x6  
  193  14:11  Zergling x8  
  193  14:12  Zergling x4  
  193  14:13  Zergling x2  
  195  14:17  Baneling  
  195  14:18  Baneling x4  
  195  14:19  Zergling x10  
  184  14:27  Zergling x4  
  184  14:28  Zergling x18, Baneling  
  184  14:29  Baneling x7  
  184  14:30  Zergling x16  
  187  14:32  Zergling x2  
  187  14:33  Zergling x8  
  187  14:36  Zergling x2  
  187  14:38  Zergling x14  
  191  14:39  Zergling x2  
  191  14:40  Zergling x2  
  191  14:41  Zergling x12  
  191  14:43  Baneling x5  
  190  14:45  Zergling x2  
  190  14:46  Zergling x4  
  190  14:51  Zergling x14  
  190  14:52  Zergling x8  
Tags
 
Add a new tag
Caveats
  • Supply blocks, unpowered buildings, or Contaminate may cause inaccurate times.
  • Supply counts are checked every 10 seconds.